 Dungeon Crawl Stone Soup version 0.31-a0-232-gb1c03b2570 (webtiles) character file.

Game seed: 8246861049547560890

361 qw the Shooter (level 6, -4/52 HPs)
             Began as a Minotaur Hexslinger on July 6, 2023.
             Shot with an arrow by a centaur (10 damage)
             ... on level 5 of the Dungeon.
             The game lasted 00:01:05 (3445 turns).

qw the Shooter (Minotaur Hexslinger)                Turns: 3445, Time: 00:01:06

Health: -4/52      AC:  5    Str: 11 (12) XL:     6   Next: 38%
Magic:  6/6        EV: 15    Int:  9 (10) God:
Gold:   216        SH:  0    Dex: 14 (15) Spells: 6/7 levels left

rFire   . . .        Y - +1 sling
rCold   + . .        (no shield)
rNeg    + . .        g - +0 ring mail
rPois   .            (helmet restricted)
rElec   .            (no cloak)
rCorr   .            (no gloves)
SInv    .            (no boots)
Will    +....        (no amulet)
Stlth   +            k - +5 ring of evasion
HPRegen 0.28/turn    h - ring of positive energy
MPRegen 0.10/turn

%: no passive effects
@: no status effects
A: horns 2, retaliatory headbutt, cold resistance 1, deterioration 1,
strong-willed 1
a: no special abilities


You were on level 5 of the Dungeon.
You visited 1 branch of the dungeon, and saw 5 of its levels.

You collected 216 gold pieces.


Innate Abilities, Weirdness & Mutations

You have a pair of horns on your head.
You reflexively headbutt those who attack you in melee.
Your flesh is cold resistant. (rC+)
Your body sometimes deteriorates upon taking damage.
You are strong-willed. (Will+)


   Skills:
 + Level 3.8 Fighting
 - Level 6.4 Ranged Weapons
 - Level 1.7 Armour
 - Level 2.1 Dodging
 - Level 1.0 Spellcasting
 - Level 2.0 Hexes


You had 6 spell levels left.
You knew the following spells:

 Your Spells              Type           Power      Damage    Failure   Level
a - Slow                  Hex            16%        N/A       36%         1

Your spell library contained the following spells:

 Spells                   Type           Power      Damage    Failure   Level
 Inner Flame              Hex/Fire       2%         N/A       86%         3
 Portal Projectile        Hex/Tloc       4%         N/A       86%         3
 Cause Fear               Hex            2%         N/A       98%         4

Inventory:

Hand Weapons
 Y - a +1 sling (weapon)
Armour
 g - a +0 ring mail (worn)
Jewellery
 h - a ring of positive energy (right hand)
 k - a +5 ring of evasion (left hand)
Scrolls
 b - a scroll of identify
 i - a scroll of enchant armour
Potions
 a - a potion of curing
 c - 2 potions of enlightenment
 f - 3 potions of mutation
 m - a potion of heal wounds {unknown}

Dungeon Overview and Level Annotations

Branches:
Dungeon (5/15)
 Temple: D:4-7

Altars:

Annotations:
D:3 2 transporters, qw's ghost, amateur GrHs
D:4 3 runed translucent doors, qw's ghost, amateur GrHs


Message History

Could not explore, unopened runed door.
(D) Dungeon
Where to? (* - list waypoints, Enter - D:4, ? - help)
What level of the Dungeon? (default 1, ? - help) Qw's ghost whispers, "Soon you will have time, lots of time..."
There is a stone staircase leading down here.
You climb downwards.
There is a stone staircase leading up here.
Waypoint 4 assigned to D:5.
You open the door.
Found a ring mail.
There is an open door here.
As you open the door, it creaks loudly!
You hear an angry growl.
There is an open door here.
A centaur comes into view.
The centaur shouts!
The centaur wields a +0 orcbow.
The centaur shoots an arrow.
The arrow hits you.
You shoot a sling bullet. The sling bullet hits the centaur.
The centaur is lightly wounded.
The centaur shoots an arrow.
The arrow barely misses you.
You shoot a sling bullet. The sling bullet hits the centaur.
The centaur is heavily wounded.
The centaur shoots an arrow.
The arrow hits you.
The centaur shoots an arrow.
The arrow closely misses you.
You shoot a sling bullet. The sling bullet hits the centaur.
The centaur is severely wounded.
The centaur shoots an arrow.
The arrow completely misses you.
The centaur shoots an arrow.
The arrow hits you.
You shoot a sling bullet.
The sling bullet barely misses the centaur.
The centaur shoots an arrow.
The arrow hits you!
The centaur shoots an arrow.
The arrow hits you!
Your body deteriorates!
You feel dopey.
You shoot a sling bullet. The sling bullet hits the centaur.
The centaur is almost dead.
The centaur shoots an arrow.
The arrow hits you!
You shoot a sling bullet.
The sling bullet closely misses the centaur.
The centaur shoots an arrow.
The arrow hits you!
You die...

#. .c# ...
###.. ...###.
..# ......#
##...###...#
.......@###
##...###..#
..# #.....#
#.....#..#
.......#..#
.......#..#
.......#..#
###########..#
#....#.......#


You could see a centaur.

Vanquished Creatures
  A black bear (D:4)
  A jelly (D:4)
  2 iguanas (D:4)
  Natasha (thrice) (D:2)
  4 gnolls (D:4)
  2 adders
  A dart slug (D:3)
  An orc (D:4)
  4 bats
  6 endoplasms
  5 giant cockroaches
  5 goblins
  2 hobgoblins (D:3)
  6 kobolds
  4 quokkas
  5 ball pythons
  4 frilled lizards
  3 rats (D:3)
59 creatures vanquished.

Notes
Turn   | Place    | Note
-------+----------+-------------------------------------------
     0 | D:1      | qw the Minotaur Hexslinger began the quest for the Orb.
     0 | D:1      | Reached XP level 1. HP: 16/16 MP: 1/1
     0 | D:1      | 0 ||| qw: Version: 0.3-a-46-gb1f654a
     0 | D:1      | 0 ||| qw: Game counter: 2053
     0 | D:1      | 0 ||| qw: Melee chars always use a shield: true
     0 | D:1      | 0 ||| qw: God list: Okawaru
     0 | D:1      | 0 ||| qw: Allow faded altars: false
     0 | D:1      | 0 ||| qw: Do Orc after clearing Dungeon:15 true
     0 | D:1      | 0 ||| qw: Do second Lair branch before Depths: true
     0 | D:1      | 0 ||| qw: Lair rune preference: random
     0 | D:1      | 0 ||| qw: Goals: Normal
     0 | D:1      | 0 ||| PLANNING D:1-11
   143 | D:1      | Reached skill level 3 in Ranged Weapons
   170 | D:1      | Reached XP level 2. HP: 20/23 MP: 2/2
   582 | D:1      | 582 ||| UPGRADING to +0 leather armour.
   592 | D:1      | 592 ||| DROPPING +0 robe.
   593 | D:1      | 593 ||| UPGRADING to +5 ring of evasion.
   594 | D:1      | 594 ||| READING scroll labelled VEOKAI MUSS.
   595 | D:1      | 595 ||| READING 2 scrolls labelled FAKAUGOTIFUNN.
   696 | D:1      | 696 ||| READING scroll labelled DUYBLE LINECK.
   697 | D:1      | 697 ||| READING scroll labelled ROAKID GAKIREF.
   698 | D:1      | 698 ||| READING scroll labelled EHOIDI TUSU.
   699 | D:1      | 699 ||| DROPPING scroll of poison.
   700 | D:1      | 700 ||| DROPPING scroll of silence.
   848 | D:2      | Noticed Natasha
   852 | D:2      | Killed Natasha
   853 | D:2      | Reached skill level 4 in Ranged Weapons
   853 | D:2      | Reached XP level 3. HP: 29/29 MP: 3/3
   860 | D:2      | Found a faded altar of an unknown god.
  1062 | D:2      | You fall into a shaft and drop 1 floor!
  1197 | D:3      | 1197 ||| READING scroll labelled KAUNESA ATASH.
  1198 | D:3      | 1198 ||| READING 4 scrolls labelled GOTIYPH PALI.
  1199 | D:3      | 1199 ||| READING scroll labelled DUHOCW ALECS.
  1200 | D:3      | 1200 ||| READING scroll labelled ORA WUSUSURAIGH.
  1201 | D:3      | 1201 ||| READING scroll labelled HUREYPLIYRR.
  1202 | D:3      | 1202 ||| READING 3 scrolls of identify.
  1202 | D:3      | 1202 ||| IDENTIFYING bubbling ruby potion
  1203 | D:3      | 1203 ||| READING 2 scrolls of identify.
  1203 | D:3      | 1203 ||| IDENTIFYING bubbling blue potion
  1204 | D:3      | 1204 ||| DROPPING potion of attraction.
  1349 | D:2      | Noticed Natasha
  1357 | D:2      | HP: 6/29 [Natasha (9)]
  1358 | D:2      | Killed Natasha
  1359 | D:2      | Reached XP level 4. HP: 8/36 MP: 4/4
  1413 | D:2      | Noticed Natasha
  1414 | D:2      | 1414 ||| FLEEEEING.
  1415 | D:2      | 1415 ||| FLEEEEING.
  1416 | D:2      | 1416 ||| FLEEEEING.
  1421 | D:2      | 1421 ||| FLEEEEING.
  1428 | D:2      | Killed Natasha
  1429 | D:2      | Reached skill level 5 in Ranged Weapons
  1546 | D:2      | 1546 ||| DRINKING 3 murky black potions.
  1546 | D:2      | Gained mutation: Potions are less effective at restoring
                  | your health. [potion of mutation]
  1546 | D:2      | Gained mutation: You have hidden genetic potential. [potion
                  | of mutation]
  1547 | D:2      | 1547 ||| DRINKING 2 potions of mutation.
  1547 | D:2      | Lost mutation: Potions are less effective at restoring your
                  | health. [potion of mutation]
  1547 | D:2      | Lost mutation: You have hidden genetic potential. [potion
                  | of mutation]
  1547 | D:2      | Gained mutation: Your flesh is cold resistant. (rC+)
                  | [potion of mutation]
  1547 | D:2      | Gained mutation: Your body sometimes deteriorates upon
                  | taking damage. [potion of mutation]
  1547 | D:2      | Gained mutation: You are strong-willed. (Will+) [potion of
                  | mutation]
  1787 | D:3      | Found a transporter.
  1792 | D:3      | Noticed qw's ghost (amateur GrHs)
  1796 | D:3      | Found a transporter.
  2232 | D:3      | 2232 ||| UPGRADING to +0 ring mail.
  2242 | D:3      | 2242 ||| DROPPING +0 leather armour.
  2243 | D:3      | 2243 ||| UPGRADING to ring of positive energy.
  2244 | D:3      | 2244 ||| READING 2 scrolls labelled POMEIN BAWN.
  2276 | D:4      | Reached skill level 1 in Armour
  2276 | D:4      | Reached XP level 5. HP: 44/44 MP: 5/5
  2296 | D:4      | Reached skill level 3 in Fighting
  2621 | D:4      | Found a runed translucent gate.
  2621 | D:4      | Identified the +11 spear of the Spheres {drain, Dex+3}
  2621 | D:4      | Identified the +5 scale mail of the Twenty People {Regen+
                  | Str-2 Dex+4}
  2622 | D:4      | Found a runed translucent gate.
  2623 | D:4      | Found a runed translucent gate.
  2623 | D:4      | Noticed qw's ghost (amateur GrHs)
  2626 | D:4      | Identified the +2 plate armour of Spite {Int+5}
  2626 | D:4      | Noticed an orc warrior
  2959 | D:4      | Noticed a black bear
  2966 | D:4      | Killed a black bear
  2967 | D:4      | Reached skill level 6 in Ranged Weapons
  2967 | D:4      | Reached XP level 6. HP: 45/51 MP: 6/6
  2984 | D:4      | HP: 12/52 [gnoll/+0 spear (3)]
  2985 | D:4      | 2985 ||| READING scroll of teleportation.
  3379 | D:4      | 3379 ||| DRINKING 2 murky inky potions.
  3380 | D:4      | 3380 ||| READING 2 scrolls of identify.
  3380 | D:4      | 3380 ||| IDENTIFYING viscous emerald potion
  3381 | D:4      | 3381 ||| DROPPING potion of degeneration.
  3416 | D:5      | Entered Level 5 of the Dungeon
  3444 | D:5      | HP: 5/52 [centaur/arrow (13)]
  3445 | D:5      | Shot with an arrow by a centaur

Levels and vault maps discovered:
D:1:      nzn_arrival_water_spiral, layout_basic, hangedman_feature_mirror,
          chequers_serial_rivers_micro_c
D:2:      layout_rooms, chequers_ecumenical_altar_simple_redux,
          minmay_crystal_water, grunt_decor_arrowhead, uniq_natasha
D:3:      layout_basic, gammafunk_ghost_mausoleum
D:4:      layout_basic, biasface_ghost_orc_armoury
D:5:      nicolae_BIG_FREAKIN_CUBE, layout_gridville,
          mainiacjoe_overflow_brackets, minmay_temple_entry_overgrown,
          gammafunk_ghost_split, corexii_leaking_fountain

Skill      XL: |  1  2  3  4  5 |
---------------+----------------+-----
Ranged Weapons | 3 4 5 6 |  6.4
Fighting       | 2 3 |  3.8
Armour         | 1 |  1.7
Dodging        | |  2.1
Spellcasting   | |  1.0
Hexes          | |  2.0

Action                     |  1- 3 |  4- 6 || total
---------------------------+-------+-------++-------
   Fire: Sling             |    76 |   143 ||   219
    Use: Scroll            |    12 |     3 ||    15
         Potion            |       |     3 ||     3
 Armour: Robe              |     2 |       ||     2
         Leather armour    |     1 |     2 ||     3
         Ring mail         |       |    11 ||    11
  Dodge: Dodged            |    17 |    68 ||    85

Table legend:
 A = Non-vault XP
 B = Vault XP
 C = Vault XP percentage of total XP
 D = Non-vault monster count
 E = Vault monster count
 F = Vault count percentage of total count
                 A         B        C        D         E       F
            +---------+---------+-------+---------+---------+-------
      Total |     478 |      39 |   7.5 |      56 |       3 |   5.1
            +---------+---------+-------+---------+---------+-------
        D:1 |      21 |       4 |  16.0 |      13 |       2 |  13.3
        D:2 |      88 |      35 |  28.5 |      13 |       1 |   7.1
        D:3 |      35 |       0 |   0.0 |      14 |       0 |   0.0
        D:4 |     334 |       0 |   0.0 |      16 |       0 |   0.0
            +---------+---------+-------+---------+---------+-------
